 Dungeon Crawl Stone Soup version 0.22.1-6-g1668fe2c40 (webtiles) character file.

6626 Jerry the Basher (level 10, -14/82 HPs)
             Began as a Demonspawn Fighter on Jan 16, 2019.
             Was an Initiate of Gozag.
             Demolished by a sun demon (19 damage)
             ... in a volcano.
             The game lasted 00:28:42 (10662 turns).

Jerry the Basher (Demonspawn Fighter)              Turns: 10662, Time: 00:28:43

Health: -14/82     AC: 15    Str: 20    XL:     10   Next: 72%
Magic:  10/10      EV: 16    Int:  9    God:    Gozag
Gold:   727        SH:  6    Dex: 24    Spells: 9/9 levels left

rFire    . . .     SeeInvis +   j - +5 whip
rCold    . . .     Gourm    .   y - +0 buckler
rNeg     . . .     Faith    .   e - +2 chain mail {MR+}
rPois    .         Spirit   .   (no helmet)
rElec    .         Reflect  .   n - +1 cloak
rCorr    .         Harm     .   (no gloves)
MR       +....                  (no boots)
Stlth    ..........             x - amulet of magic regeneration
HPRegen  0.23/turn              b - ring of flight
MPRegen  0.37/turn              C - ring "Nojyfesh" {Dex+6 SInv}

@: agile, drained, repel missiles
A: hooves 1, repulsion field 3, demonic guardian 2, spiny 1
a: Potion Petition, Call Merchant, Bribe Branch, Renounce Religion, Evoke Flight


You were in a volcano.
You worshipped Gozag.
Gozag was pleased with you.
You were not hungry.

You visited 3 branches of the dungeon, and saw 12 of its levels.
You also visited: Volcano.

You collected 1824 gold pieces.
You spent 423 gold pieces at shops.
You paid 674 gold pieces to Gozag.

Inventory:

Hand Weapons
 j - a +5 whip (weapon)
Armour
 e - a +2 chain mail of magic resistance (worn)
 n - a +1 cloak (worn)
 y - a +0 buckler (worn)
Jewellery
 b - a ring of flight (left hand)
 i - an uncursed ring of protection from cold
 x - an amulet of magic regeneration (around neck)
 C - the ring "Nojyfesh" (right hand) {Dex+6 SInv}
   (You bought it in a shop on level 9 of the Dungeon)

   [ring of see invisible]

   It affects your dexterity (+6).
   It lets you see invisible.
 E - an uncursed ring of wizardry
Wands
 F - a wand of iceblast (11)
Scrolls
 a - a scroll of magic mapping
 h - 8 scrolls of teleportation
 p - 5 scrolls of amnesia
 q - a scroll of enchant armour
 t - 3 scrolls of identify
 v - a scroll of enchant weapon
 w - 4 scrolls of remove curse
Potions
 c - 2 potions of degeneration {unknown}
 d - a potion of might
 g - 3 potions of heal wounds {unknown}
 k - 2 potions of ambrosia {unknown}
 l - a potion of lignification {unknown}
 m - 2 potions of mutation {unknown}
 s - 3 potions of haste {unknown}
 u - 4 potions of curing {unknown}
 z - 3 potions of flight {unknown}
 B - 3 potions of brilliance {unknown}
 D - 3 potions of resistance {unknown}
Comestibles
 f - 11 rations


   Skills:
 + Level 8.7(8.4) Fighting
 * Level 10.6(10.3) Maces & Flails
 + Level 7.9(7.7) Armour
 - Level 4.0(3.8) Shields


You had 9 spell levels left.
You didn't know any spells.
Your spell library contained the following spells:

 Spells                   Type           Power        Failure   Level  Hunger
 Beastly Appendage        Tmut           #.....       98%         1    ##.....
 Magic Dart               Conj           #...         98%         1    ##.....
 Blink                    Tloc           N/A          99%         2    ###....
 Call Imp                 Summ           #.......     99%         2    ###....
 Slow                     Hex            #.......     99%         2    ###....
 Sticks to Snakes         Tmut           #.......     99%         2    ###....
 Conjure Flame            Conj/Fire      #.......     100%        3    ####...
 Mephitic Cloud           Conj/Pois/Air  #.......     100%        3    ####...
 Spider Form              Tmut/Pois      #.........   100%        3    ####...
 Ice Form                 Ice/Tmut       #.......     100%        4    #####..
 Blade Hands              Tmut           #.........   100%        5    ######.


Dungeon Overview and Level Annotations

Branches:
Dungeon (10/15)            Temple (1/1) D:4            Lair (1/6) D:10
    Orc (0/2) D:10

Altars:
Ashenzari
Cheibriados
Dithmenos
Elyvilon
Fedhas
Gozag
Hepliaklqana
Kikubaaqudgha
Makhleb
Nemelex Xobeh
Okawaru
Qazlal
Ru
Sif Muna
Trog
Uskayaw
Vehumet
Wu Jian
Xom
Yredelemnul
Zin
The Shining One
Beogh

Shops:
D:9 *

Annotations:
D:9 2 runed doors, exclusion: orange crystal statue


Innate Abilities, Weirdness & Mutations

You have large cloven feet.
You are surrounded by a strong repulsion field. (EV +4, RMsl)
A demonic guardian rushes to your aid.
You are partially covered in sharp spines.


Message History

Your sixfirhy hits the sun demon.
Your sixfirhy shocks the sun demon.
The sun demon resists.
The sun demon hits your sixfirhy!
Your sixfirhy dies!
You swap places.
Your soul eater closely misses the sun demon.
Your soul eater barely misses the sun demon.
The red ugly thing headbutts your soul eater!
Your soul eater is engulfed in flames!!
The sun demon hits you but does no damage.
There is a rocky tunnel leading out of this place here.
You feel agile all of a sudden.
The sun demon hits you but does no damage.
You hit the sun demon.
You kick the sun demon, but do no damage.
The sun demon is severely wounded.
The sun demon is struck by your spines. The sun demon hits you!
* * * LOW HITPOINT WARNING * * *
You are engulfed in flames!!
You die...
Your body crumbles into a pile of gold.

##...###.##≈≈##
.§.......## ###
≈§≈.....#### #
§§§≈≈......# §##
≈§≈≈§§.....# #§§#
§§≈≈≈§....## #≈≈§##
§≈§≈§≈.....# ##≈§§§≈#
§§≈§§....### #§§...≈#
≈.§......4u#####@§...#
...§....###3.#33.....#
.##.##### ###u.#...###
##.# ######## #3#
##$.!# .?(# $)≈..
§≈§≈##


You could see a red ugly thing, a sun demon and a friendly soul eater.

Vanquished Creatures
  A two-headed ogre (D:8)
  Pikel (D:7)
  A hornet (D:10)
  A troll (D:9)
  A wyvern (D:7)
  A hungry ghost (D:8)
  Edmund (D:6)
  Duvessa (D:5)
  A slave (D:7)
  A water moccasin (Lair:1)
  3 porcupines (D:10)
  2 orc warriors
  A hornet zombie (D:8)
  A necrophage (D:9)
  4 ogres
  4 centaurs
  5 bullfrogs
  Dowan (D:5)
  A gnoll sergeant (D:8)
  6 scorpions
  6 wights
  3 howler monkeys
  2 centaur zombies
  A bullfrog zombie (D:7)
  2 crimson imps
  3 jellies
  2 quasits
  5 hounds
  5 orc priests
  3 bullfrog skeletons
  A centaur skeleton (D:8)
  A gnoll shaman (D:6)
  7 worker ants
  7 orc wizards
  A hound zombie (D:9)
  3 hound skeletons
  2 worker ant zombies (D:6)
  A howler monkey skeleton (D:5)
  12 gnolls
  12 adders
  3 oozes
  An adder zombie (D:8)
  An adder skeleton (D:4)
  2 worms (D:2)
  4 leopard geckos
  39 orcs
  5 bats
  7 hobgoblins
  15 jackals
  4 quokkas
  3 ball pythons
  2 frilled lizards
  14 goblins
  8 kobolds
  6 rats
231 creatures vanquished.

Vanquished Creatures (collateral kills)
  A two-headed ogre (D:9)
  Joseph (D:7)
  Sigmund (D:6)
  2 orc warriors (D:10)
  A black bear (D:7)
  A phantom (D:4)
  2 slaves (D:7)
  A wight (D:9)
  2 orc priests (D:10)
  3 orcs (D:10)
15 creatures vanquished.

Vanquished Creatures (others)
  A centaur (D:7)
1 creature vanquished.

Grand Total: 247 creatures vanquished

Notes
Turn   | Place    | Note
-------+----------+-------------------------------------------
     0 | D:1      | Jerry the Demonspawn Fighter began the quest for the Orb.
     0 | D:1      | Reached XP level 1. HP: 18/18 MP: 1/1
    39 | D:1      | Reached skill level 2 in Maces & Flails
    48 | D:1      | Gained mutation: You have large cloven feet. [demonic
                  | ancestry]
    48 | D:1      | Reached XP level 2. HP: 9/24 MP: 2/2
   909 | D:1      | Reached XP level 3. HP: 26/29 MP: 3/3
  1110 | D:2      | Found a shimmering altar of Xom.
  1523 | D:2      | Reached skill level 3 in Maces & Flails
  1523 | D:2      | Gained mutation: A weak demonic guardian rushes to your
                  | aid. [demonic ancestry]
  1523 | D:2      | Reached XP level 4. HP: 35/35 MP: 4/4
  1528 | D:2      | Found a radiant altar of Vehumet.
  1528 | D:2      | Found a shadowy altar of Dithmenos.
  1528 | D:2      | Found a sparkling altar of Nemelex Xobeh.
  2213 | D:3      | Gained mutation: You are partially covered in sharp spines.
                  | [demonic ancestry]
  2213 | D:3      | Reached XP level 5. HP: 37/42 MP: 5/5
  2247 | D:3      | Found a shadowy altar of Dithmenos.
  2461 | D:3      | Reached skill level 4 in Maces & Flails
  2465 | D:3      | Gained mutation: A demonic guardian rushes to your aid.
                  | [demonic ancestry]
  2465 | D:3      | Reached XP level 6. HP: 42/48 MP: 6/6
  3143 | D:4      | Found an iron altar of Okawaru.
  3203 | D:4      | Found a staircase to the Ecumenical Temple.
  3210 | Temple   | Entered the Ecumenical Temple
  3392 | Temple   | Became a worshipper of Gozag Ym Sagoz the Greedy
  3721 | D:4      | Got a twisted spear
  3732 | D:5      | Entered Level 5 of the Dungeon
  3751 | D:5      | Reached XP level 7. HP: 49/55 MP: 7/7
  3864 | D:5      | Reached skill level 5 in Maces & Flails
  4059 | D:5      | Found a shattered altar of Ashenzari.
  4262 | D:5      | Noticed Duvessa
  4263 | D:5      | Noticed Dowan
  4279 | D:5      | Killed Duvessa
  4279 | D:5      | Reached skill level 5 in Fighting
  4287 | D:5      | Killed Dowan
  4447 | D:5      | Found a snail-covered altar of Cheibriados.
  4849 | D:5      | Gained mutation: You are surrounded by a mild repulsion
                  | field. (EV +2) [demonic ancestry]
  4849 | D:5      | Reached XP level 8. HP: 36/62 MP: 8/8
  5161 | D:6      | Reached skill level 6 in Maces & Flails
  5250 | D:6      | Noticed Sigmund
  5260 | D:6      | Killed Sigmund
  5260 | D:6      | Reached skill level 5 in Armour
  5308 | D:6      | Noticed Edmund
  5319 | D:6      | Killed Edmund
  5442 | D:6      | Found a deep blue altar of Sif Muna.
  5844 | D:6      | Reached skill level 7 in Maces & Flails
  6230 | D:7      | Noticed Joseph
  6234 | D:7      | Killed Joseph
  6255 | D:7      | Noticed Pikel
  6264 | D:7      | Killed Pikel
  6264 | D:7      | Gained mutation: You are surrounded by a moderate repulsion
                  | field. (EV +3) [demonic ancestry]
  6264 | D:7      | Reached XP level 9. HP: 41/71 MP: 9/9
  6469 | D:7      | Reached skill level 8 in Maces & Flails
  7844 | D:8      | Found an ancient bone altar of Kikubaaqudgha.
  7927 | D:8      | Noticed a two-headed ogre
  7937 | D:8      | Killed a two-headed ogre
  7937 | D:8      | Reached skill level 9 in Maces & Flails
  8013 | D:8      | Gained mutation: You are surrounded by a strong repulsion
                  | field. (EV +4, RMsl) [demonic ancestry]
  8013 | D:8      | Reached XP level 10. HP: 60/80 MP: 10/10
  8262 | D:9      | Noticed a two-headed ogre
  8355 | D:9      | Found a runed door.
  8357 | D:9      | Noticed an orange crystal statue
  8370 | D:9      | Found a stormy altar of Qazlal.
  8373 | D:9      | Found a hazy altar of Hepliaklqana.
  8702 | D:9      | Found a runed door.
  8814 | D:9      | Killed a two-headed ogre
  9081 | D:9      | Found a burning altar of Makhleb.
  9114 | D:9      | Reached skill level 10 in Maces & Flails
  9293 | D:9      | Found the +10 large shield of Ignorance {rN+ Int-4}
  9479 | D:9      | Bought a scroll of identify for 52 gold pieces
  9479 | D:9      | Bought a runed chain mail for 195 gold pieces
  9479 | D:9      | Bought a sparkling brass ring for 130 gold pieces
  9479 | D:9      | Identified the ring "Nojyfesh" {Dex+6 SInv} (You bought it
                  | in a shop on level 9 of the Dungeon)
  9500 | D:9      | Identified the +9 spear of the Briny Deep {pierce, *Contam
                  | *Rage MR+ Str+6} (You found it on level 4 of the Dungeon)
  9507 | D:9      | Bought a blue potion for 23 gold pieces
  9507 | D:9      | Bought a grey potion for 23 gold pieces
  9526 | D:10     | Entered Level 10 of the Dungeon
  9526 | D:10     | Found a staircase to the Orcish Mines.
  9534 | D:10     | Found a roughly hewn altar of Beogh.
 10172 | D:10     | Found a staircase to the Lair.
 10519 | Lair:1   | Entered Level 1 of the Lair of Beasts
 10594 | Lair:1   | Found a dark tunnel.
 10601 | Volcano  | Entered a volcano
 10637 | Volcano  | Noticed a sun demon
 10637 | Volcano  | Noticed a red ugly thing
 10662 | Volcano  | Demolished by a sun demon

Skill      XL: |  1  2  3  4  5  6  7  8  9 10 |
---------------+-------------------------------+-----
Maces & Flails | 2 3 4 5 7 9 10 | 10.6
Armour         | 3 4 5 6 7 |  7.9
Fighting       | 4 5 6 7 8 |  8.7
Shields        | 3 4 |  4.0

Action                   |  1- 3 |  4- 6 |  7- 9 | 10-12 || total
-------------------------+-------+-------+-------+-------++-------
Melee: Flail             |    57 |       |       |       ||    57
       Whip              |    51 |   134 |   329 |   225 ||   739
       Kick              |    15 |    31 |    93 |    91 ||   230
Invok: Call Merchant     |       |       |       |     1 ||     1
  Use: Scroll            |     1 |     5 |     3 |     8 ||    17
       Potion            |       |       |     1 |     1 ||     2
 Stab: Distracted        |       |       |     1 |     1 ||     2
  Eat: Chunk             |     2 |     6 |       |       ||     8
       Ration            |       |       |     4 |     3 ||     7
Armor: Scale mail        |    47 |       |       |       ||    47
       Leather armour    |    11 |    39 |    45 |    20 ||   115
       Chain mail        |       |       |       |    22 ||    22
Dodge: Dodged            |    70 |    67 |   161 |    70 ||   368
       Deflected         |       |       |       |     3 ||     3
Block: Buckler           |       |     4 |    54 |    42 ||   100
